 Dungeon Crawl Stone Soup version 0.29.1-15-g9cfb28693d (webtiles) character file.

Game seed: 2260018381471673312

87 croobank the Conjurer (level 4, 0/32 HPs)
             Began as a Demonspawn Conjurer on Mar 10, 2023.
             Slain by an orc wizard
             ... wielding a +0 dagger of holy wrath
              (3 damage)
             ... on level 3 of the Dungeon.
             The game lasted 00:06:45 (2737 turns).

croobank the Conjurer (Demonspawn Conjurer)         Turns: 2737, Time: 00:06:45

Health: 0/32       AC:  2    Str:  7    XL:     4   Next: 28%
Magic:  2/7        EV: 12    Int: 21    God:
Gold:   73         SH:  0    Dex: 12    Spells: 2/8 levels left

rFire   . . .      SeeInvis .   a - +2 short sword (speed)
rCold   . . .      Faith    .   (no shield)
rNeg    . . .      Spirit   .   e - +0 robe
rPois   .          Reflect  .   (no helmet)
rElec   .          Harm     .   (no cloak)
rCorr   .          Rampage  .   (no gloves)
Will    .....                   (no boots)
Stlth   ++........              (no amulet)
HPRegen 0.10/turn               (no ring)
MPRegen 0.10/turn               (no ring)

@: no status effects
A: hooves 1, condensation shield, weakness stinger 1
a: no special abilities


You were on level 3 of the Dungeon.
You visited 1 branch of the dungeon, and saw 3 of its levels.

You collected 73 gold pieces.

Inventory:

Hand Weapons
 a - a +2 short sword of speed (weapon)
 b - a +0 sling
 c - a +0 mace
 o - a +0 short sword
 u - a +0 dagger
Missiles
 p - 3 poisoned darts
Armour
 e - a +0 robe (worn)
Jewellery
 q - a ring of magical power
Scrolls
 d - 2 scrolls of poison {unknown}
 i - a scroll of blinking
 j - 4 scrolls of amnesia
Potions
 f - a potion of mutation
 g - 2 potions of heal wounds
 h - 3 potions of curing
 k - a potion of flight
 l - a potion of attraction {unknown}
 m - 2 potions of haste {unknown}
 n - a potion of berserk rage {unknown}
 s - a potion of magic
 t - a potion of cancellation {unknown}


   Skills:
 + Level 1.3 Fighting
 + Level 2.4 Dodging
 + Level 2.5 Stealth
 + Level 2.6 Spellcasting
 + Level 4.3 Conjurations
 + Level 0.3 Hexes


You had 2 spell levels left.
You knew the following spells:

 Your Spells              Type           Power      Damage    Failure   Level
a - Magic Dart            Conj           84%        1d7       2%          1
b - Searing Ray           Conj           42%        2d6       3%          2
c - Dazzling Flash        Conj/Hex       24%        N/A       16%         3

Your spell library contained the following spells:

 Spells                   Type           Power      Damage    Failure   Level
 Blink                    Tloc           4%         N/A       22%         2
 Lesser Beckoning         Tloc           2%         N/A       38%         3
 Fulminant Prism          Conj/Hex       6%         3d7       45%         4
 Iskenderun's Mystic Bla  Conj/Tloc      11%        2d4       50%         4
 Manifold Assault         Tloc           2%         N/A       98%         5


Dungeon Overview and Level Annotations

Branches:
Dungeon (3/15)

Altars:
Ru

Annotations:
D:3 1 transporter


Innate Abilities, Weirdness & Mutations

You have large cloven feet.
A meltable shield of frost defends you. (SH +0)
You have a small tail.


Message History

The orc wizard casts a spell.
The orc wizard flickers and vanishes!
Deactivating autopickup; reactivate with Ctrl-A.
Things that are here:
a +0 hand axe; an orc corpse You see here a frilled lizard corpse.
The orc shouts!
A magic dart appears from out of thin air!
The magic dart hits you.
You see here a frilled lizard corpse.
Something hits you.
You convulse.
Things that are here:
a +0 hand axe; an orc corpse
Casting: Magic Dart (safe; 2% risk of failure)
Confirm with . or Enter, or press ? or * to list all spells.
Aiming: Searing Ray (safe; 3% risk of failure)
Press: ? - help, Shift-Dir - straight line, f - orc
Aim: an orc, wielding a +0 short sword (78% to hit)
The searing ray hits the orc.
The orc is severely wounded.
The searing ray hits the orc.
The orc is heavily wounded.
The searing ray hits the orc!
You kill the orc! (Press . to maintain the ray.)
You block something's attack.
The searing ray hits something.
The searing ray hits the orc!
You kill the orc!
The searing ray hits the orc.
You kill the orc!
Something hits you.
You convulse.
The searing ray hits something.
You hear some strange, mumbled words.
A puff of flame appears from out of thin air!
The puff of flame hits you!
Your condensation shield dissipates!
* * * LOW HITPOINT WARNING * * *
You finish channelling your searing ray.
Something hits you.
You die...

##### ##...##
#..#..##
#.###..##########
#..#.....†@{))).#
##...##########.#
####.##
######.########
#....#
#......oo.oo...
#.####
#.#.##....o.... #.#
#######>#.##.#######o
#.# #.†.)...#....#
#.# #.#..#..#..#.#
#.# #..#...#.....#


There were no monsters in sight!

Vanquished Creatures
  3 adders
  5 orcs (D:3)
  4 bats
  4 endoplasms
  A giant cockroach (D:1)
  10 goblins
  7 hobgoblins
  2 quokkas (D:1)
  6 ball pythons
  2 frilled lizards
  3 kobolds (D:2)
  3 rats
50 creatures vanquished.

Notes
Turn   | Place    | Note
-------+----------+-------------------------------------------
     0 | D:1      | croobank the Demonspawn Conjurer began the quest for the
                  | Orb.
     0 | D:1      | Reached XP level 1. HP: 13/13 MP: 3/3
   494 | D:1      | Gained mutation: A meltable shield of frost defends you.
                  | (SH +0) [demonic ancestry]
   494 | D:1      | Reached XP level 2. HP: 19/19 MP: 3/5
   497 | D:1      | Learned a level 2 spell: Searing Ray
  1575 | D:2      | Discovered your monstrous ancestry.
  1575 | D:2      | Gained mutation: You have large cloven feet. [demonic
                  | ancestry]
  1575 | D:2      | Reached XP level 3. HP: 21/25 MP: 2/6
  2091 | D:2      | Found a sacrificial altar of Ru.
  2139 | D:2      | Reached skill level 1 in Fighting
  2222 | D:2      | Learned a level 3 spell: Dazzling Flash
  2483 | D:3      | Found a transporter.
  2531 | D:3      | Gained mutation: You have a small tail. [demonic ancestry]
  2531 | D:3      | Reached XP level 4. HP: 28/32 MP: 4/7
  2737 | D:3      | Slain by an orc wizard

Illustrated notes

Levels and vault maps discovered:
D:1:      minmay_arrival_four_loops, layout_basic
D:2:      layout_loops_ring, basic_altar, hangedman_decor_lopped, st_stairs_9,
          hangedman_abyss_or_decor_stabs, kennysheep_generic_room_12, uniq_robin
D:3:      gammafunk_wand_slinger, layout_loops_ring,
          ebering_ecumenical_altar_hall, st_stairs_4, hex_tiny,
          corexii_corridor_pit, chequers_serial_rivers_small_3,
          serial_park_tiny_1, uniq_sigmund

Skill      XL: |  1  2  3 |
---------------+----------+-----
Dodging        | 2 |  2.4
Stealth        | 2 |  2.5
Fighting       | 1 |  1.3
Spellcasting   | |  2.6
Conjurations   | |  4.3
Hexes          | |  0.3

Action                   |  1- 3 |  4- 6 || total
-------------------------+-------+-------++-------
Melee: Dagger            |    27 |       ||    27
       Short sword       |     7 |     3 ||    10
       Kick              |     5 |     1 ||     6
 Cast: Magic Dart        |    30 |     3 ||    33
       Searing Ray       |    14 |     2 ||    16
  Use: Scroll            |     7 |       ||     7
 Stab: Sleeping          |     3 |       ||     3
Armor: Robe              |     5 |     1 ||     6
Dodge: Dodged            |    33 |     6 ||    39
Block: Other             |     4 |     2 ||     6
